AoeStats
← lgnet

Marketplace

504237994Analyzed
1v1 RM · 28d ago on Sep 4, 2026· 46m 20s· 2 players
Game mode
Random Map
Map size
Tiny (2 player)
Population
200
Speed
Normal
Resources
Standard
Victory
Conquest
Starting age
Dark Age
Ending age
Imperial Age
RankedLock teamsTeams togetherTeam positionsShared explorationLock speedFull tech treeHidden civsTurbo modeCheats
Victory
Defeat
🇫🇷 Persians · France
1038
+17
🇹🇷 Bengalis · Türkiye
1055
-17
lgnet
12:46 Feudal Age
14:16 Horse Collar
14:39 Double-Bit Axe
16:09 Loom
19:37 Castle Age
18:00 Gold Mining
18:09 Stone Mining
19:56 Wheelbarrow
20:15 Heavy Plow
20:43 Bow Saw
21:17 Caravan
22:11 Hand Cart
22:39 Stone Shaft Mining
23:53 Light Cavalry
24:46 Bloodlines
24:38 Husbandry
28:54 Scale Barding Armor
29:00 Forging
28:40 Fletching
30:08 Town Watch
30:55 Town Patrol
33:33 Imperial Age
32:49 Chain Barding Armor
32:28 Bodkin Arrow
33:11 Iron Casting
34:13 Conscription
34:29 Hoardings
34:08 Masonry
33:54 Murder Holes
35:15 Plate Barding Armor
35:25 Crop Rotation
36:01 Two-Man Saw
35:25 Ballistics
35:37 Architecture
36:13 Chemistry
36:14 Gold Shaft Mining
35:52 Hussar
36:58 Guilds
37:09 Citadels
37:03 Scale Mail Armor
38:05 Blast Furnace
37:14 Elite War Elephant
monsterr1453
9:58 Feudal Age
8:14 Loom
10:29 Double-Bit Axe
20:27 Castle Age
18:47 Horse Collar
21:28 Heavy Plow
21:41 Bow Saw
26:39 Caravan
27:20 Gold Mining
30:58 Stone Mining
31:44 Gold Shaft Mining
32:26 Wheelbarrow
31:36 Town Watch
35:30 Imperial Age
34:14 Hand Cart
34:03 Town Patrol
36:18 Padded Archer Armor
36:09 Fletching
36:22 Scale Mail Armor
36:32 Forging
36:28 Scale Barding Armor
38:50 Conscription
39:03 Mahayana
40:02 Two-Man Saw
39:57 Crop Rotation
41:00 Leather Archer Armor
40:41 Bodkin Arrow
41:21 Iron Casting
41:02 Chain Mail Armor
41:07 Chain Barding Armor
44:22 Ring Archer Armor
43:52 Bracer
44:53 Blast Furnace
44:16 Fervor
44:34 Murder Holes
45:40 Chemistry
44:51 Masonry
44:23 Pikeman
45:04 Squires
45:05 Halberdier
Connection lost

Rejoining the realm…

Still unreachable

The connection could not be restored.

Session expired

The server has moved on; the page needs a fresh start.